Map: Torches LE

Players

trigger - Winner!

  • Race: Protoss Protoss
  • League: Grandmaster
  • Spawn Location: 5:00

Percival

  • Race: Terran Terran
  • Spawn Location: 1:00

VOD

Have the link to the VOD?

Description

Time

  • Played on: Aug. 17, 2025, 8:22 a.m.
  • Length: 7:46
Show
View Real Time Build Order
Export as new Build Order

trigger Protoss - Winner!

Build Orders: Blink Stalkers 

Get SALT Encoding   

  12  0:00  Probe  
  13  0:12  Probe  
  14  0:18  Pylon  
  14  0:24  Probe  
  15  0:32  Probe  
  15  0:36  Gateway  
  15  0:40  Probe  
  16  0:45  Assimilator  
  17  0:51  Probe  
  18  1:03  Probe  
  19  1:05  Gateway  
  19  1:15  Probe  
  20  1:23  Cybernetics Core  
  20  1:27  Probe  
  21  1:40  Pylon  
  21  1:47  Stalker  
  21  1:50  Stalker  
  25  2:09  Nexus  
  25  2:11  Warp Gate  
  25  2:18  Probe  
  25  2:20  Adept  
  28  2:29  Adept  
  30  2:32  Assimilator  
  30  2:36  Probe  
  31  2:44  Pylon  
  31  3:02  Probe  
  31  3:05  Twilight Council  
  32  3:14  Probe  
  33  3:23  Probe  
  33  3:24  Probe  
  31  3:31  Probe  
  31  3:32  Blink, Probe  
  31  3:35  Gateway  
  31  3:40  Probe  
  31  3:41  Probe  
  33  3:52  Probe  
  33  3:53  Probe  
  35  3:56  Robotics Facility  
  35  4:04  Probe  
  35  4:05  Probe  
  37  4:13  Stalker x2  
  37  4:16  Probe  
  42  4:17  Probe  
  42  4:22  Pylon  
  43  4:27  Assimilator  
  43  4:28  Probe  
  43  4:29  Probe  
  45  4:34  Warp Prism  
  45  4:40  Stalker x3, Probe  
  54  4:47  Probe  
  54  4:51  Pylon  
  55  5:03  Stalker x3  
  59  5:13  Probe  
  60  5:28  Stalker x3  
  66  5:30  Probe x2  
  63  5:42  Charge, Probe x2  
  61  5:51  Nexus, Probe  
  61  5:54  Probe  
  63  5:59  Probe  
  64  6:07  Probe  
  64  6:10  Pylon  
  65  6:14  Probe  
  66  6:20  Probe  
  66  6:23  Gateway  
  66  6:24  Gateway  
  67  6:26  Forge, Gateway, Observer, Probe  
  69  6:34  Probe  
  70  6:41  Probe  
  70  6:43  Immortal  
  70  6:45  Gateway  
  71  6:48  Probe, Gateway  
  71  6:49  Pylon  
  75  7:08  Probe  
  75  7:13  Zealot x3  
  75  7:14  Probe x2  
  81  7:20  Stalker  
  81  7:21  Stalker  
Show
View Real Time Build Order
Export as new Build Order

Percival Terran 

Build Orders: Gas First Reaper Expand 

Get SALT Encoding   

  12  0:00  SCV  
  13  0:12  SCV  
  14  0:16  Supply Depot  
  14  0:24  SCV  
  15  0:30  Refinery  
  15  0:38  SCV  
  16  0:44  Barracks  
  16  0:50  SCV  
  17  1:02  SCV  
  18  1:14  SCV  
  19  1:31  Reaper, Orbital Command  
  20  1:46  Command Center  
  20  1:55  Factory  
  20  1:58  SCV  
  21  2:05  Supply Depot  
  21  2:08  Marine  
  22  2:12  SCV  
  23  2:16  Refinery  
  23  2:23  Bunker  
  23  2:27  SCV  
  23  2:29  Barracks Tech Lab  
  24  2:41  Widow Mine  
  24  2:43  SCV  
  24  2:44  Bunker  
  27  2:49  Marauder  
  29  2:55  SCV  
  28  3:03  Orbital Command  
  28  3:07  SCV  
  28  3:11  Marauder  
  31  3:19  SCV  
  29  3:28  Factory Reactor  
  29  3:29  Starport  
  29  3:31  SCV x2  
  31  3:37  Marauder  
  33  3:43  SCV  
  33  3:47  SCV  
  35  3:52  Supply Depot  
  35  3:56  SCV  
  35  3:59  SCV, Barracks  
  36  4:08  SCV  
  37  4:11  SCV  
  37  4:13  Cyclone  
  37  4:14  Marine x2  
  37  4:15  Medivac  
  45  4:20  Barracks  
  45  4:23  Supply Depot  
  45  4:24  SCV  
  45  4:26  SCV  
  47  4:35  Marine x2  
  47  4:37  SCV  
  47  4:38  SCV  
  51  4:40  Supply Depot  
  51  4:45  Engineering Bay  
  51  4:49  SCV  
  52  4:53  SCV  
  52  4:55  Starport Tech Lab  
  52  4:57  Stimpack, Marauder, Refinery  
  55  5:00  Marine x2  
  55  5:02  SCV  
  55  5:06  Factory Reactor  
  59  5:07  SCV  
  59  5:11  Supply Depot  
  59  5:12  Terran Infantry Weapons Level 1  
  59  5:17  Missile Turret  
  59  5:19  SCV x2  
  61  5:22  Marine x3  
  61  5:24  Marine  
  65  5:31  SCV x2  
  66  5:38  Starport Reactor  
  57  5:43  SCV x2  
  57  5:45  Refinery  
  56  5:50  Marine x2  
  56  5:51  Combat Shield, Marauder x2  
  56  5:55  SCV x2  
  64  5:58  Bunker  
  64  6:07  SCV x2  
  64  6:08  Marine x2  
  68  6:12  Marauder x2  
  68  6:16  Medivac x2  
  74  6:19  SCV x2  
  74  6:22  Widow Mine x2  
  78  6:30  Supply Depot  
  78  6:31  Supply Depot  
  78  6:32  Supply Depot  
  78  6:36  Marine x2  
  77  6:40  Marauder  
  78  6:47  Widow Mine  
  78  6:51  Widow Mine, Medivac x2, Marauder  
  86  6:54  Marine  
  87  7:02  Marauder  
  87  7:04  Marine  
  85  7:08  Widow Mine  
  85  7:13  Widow Mine  
  85  7:15  Command Center  
  86  7:19  Marine  
  86  7:20  Marauder  
  86  7:22  Marine  
  91  7:23  Marauder  
  91  7:28  SCV x2  
Tags
 
Add a new tag
Caveats
  • Supply blocks, unpowered buildings, or Contaminate may cause inaccurate times.
  • Supply counts are checked every 10 seconds.